 Dungeon Crawl Stone Soup version 0.30-a0-622-gddc90eaa04 (webtiles) character file.

Game seed: 7948169323408375447

2053 Armakuni the Conjurer (level 9, -14/64 (68) HPs)
             Began as a Human Artificer on Jan 10, 2023.
             Demolished by Edmund
             ... wielding a +2 antimagic flail
              (22 damage)
             ... on level 5 of the Dungeon.
             The game lasted 00:25:33 (6005 turns).

Armakuni the Conjurer (Human Artificer)             Turns: 6005, Time: 00:25:33

HP:   -14/64 (68)   AC:  5    Str: 24    XL:     9   Next: 49%
MP:   1/10          EV: 14    Int: 15    God:
Gold: 289           SH:  0    Dex: 15    Spells: 4/10 levels left

rFire   + . .      SeeInvis .    a - +1 quarterstaff
rCold   + . .      Faith    .    (shield currently unavailable)
rNeg    . . .      Spirit   .    b - +0 leather armour
rPois   .          Reflect  .    e - +2 hat
rElec   .          Harm     .    g - scarf {rC+ rF+}
rCorr   .          Rampage  .    (no gloves)
Will    .....                    (no boots)
Stlth   +                        (no amulet)
HPRegen 0.30/turn                S - +6 ring of strength
MPRegen 0.12/turn                V - +6 ring of strength

@: mighty, drained
A: no striking features
a: no special abilities


You were on level 5 of the Dungeon.
You visited 1 branch of the dungeon, and saw 6 of its levels.

You collected 289 gold pieces.

Inventory:

Hand Weapons
 a - a +1 quarterstaff (weapon)
Missiles
 h - 2 throwing nets
 j - 9 poisoned darts
Armour
 b - a +0 leather armour (worn)
 c - a +0 cloak
 e - a +2 hat (worn)
 f - a +2 pair of boots
 g - a scarf of resistance (worn)
 k - a +0 ring mail
 q - a +0 scale mail
Jewellery
 d - a ring of ice
 P - a ring of poison resistance
 S - a +6 ring of strength (left hand)
 U - an amulet of faith
 V - a +6 ring of strength (right hand)
 W - a ring of willpower
Scrolls
 i - a scroll of teleportation
 r - a scroll of fog
Potions
 l - a potion of mutation
 p - 2 potions of brilliance {unknown}
 s - a potion of resistance {unknown}
 u - a potion of magic {unknown}
 v - a potion of flight {unknown}


   Skills:
 - Level 5.0 Fighting
 - Level 1.0(4.1) Maces & Flails
 - Level 6.5 Staves
 - Level 5.8 Armour
 - Level 5.5 Dodging
 - Level 1.0 Stealth
 - Level 1.0 Spellcasting
 + Level 7.6 Conjurations
 - Level 1.0 Fire Magic
 - Level 7.3 Evocations


You had 4 spell levels left.
You knew the following spells:

 Your Spells              Type           Power      Damage    Failure   Level
f - Fireball              Conj/Fire      6%         3d5       78%         5
z - Foxfire               Conj/Fire      52%        2x1d6     4%          1

Your spell library contained the following spells:

 Spells                   Type           Power      Damage    Failure   Level
 Airstrike                Air            0%         2d(0-16)  95%         4
 Summon Lightning Spire   Summ/Air       0%         N/A       95%         4
 Lightning Bolt           Conj/Air       6%         1d18      85%         5
 Alistair's Intoxication  Tmut/Pois      0%         N/A       100%        5
 Borgnjor's Vile Clutch   Necr/Erth      0%         N/A       100%        5
 Eringya's Noxious Bog    Tmut/Pois      0%         N/A       100%        6
 Starburst                Conj/Fire      6%         6d4       100%        6


Dungeon Overview and Level Annotations

Branches:
Dungeon (6/15)             Temple (0/1) D:6

Altars:

Annotations:
D:5 Edmund


Message History

You bludgeon Edmund!!
Edmund is heavily wounded.
Edmund closely misses you.
You completely miss Edmund.
Edmund is heavily wounded.
Edmund hits you with a +2 antimagic flail.
You feel your power leaking away.
Edmund hits you with a +2 antimagic flail!
You feel your power leaking away.
You completely miss Edmund.
Edmund is heavily wounded.
Edmund hits you with a +2 antimagic flail!
You feel your power leaking away.
Okay, then.
You sock Edmund!
Edmund is severely wounded.
Edmund barely misses you.
Edmund hits you with a +2 antimagic flail!
You barely miss Edmund.
Edmund is severely wounded.
Edmund hits you with a +2 antimagic flail!
* * * LOW HITPOINT WARNING * * *
Okay, then.
Blink to where?
Press: ? - help, Dir - move target
As you read the scroll of blinking, it crumbles to dust.
Okay, then.
You aren't carrying any items that you can evoke.
Okay, then.
Unknown command.
You don't have enough magic to cast this spell.
Unknown command.
There is a stone staircase leading up, spattered with blood here.
Okay, then.
Okay, then.
Unknown command.
You sock Edmund!
Edmund is almost dead.
Edmund hits you with a +2 antimagic flail!!
You die...

#.#.#.#.#.#.#.#.#.####
#.###..###.####.......
#.....## #.# ########
#####.# #.# # #.####@#
# #.#....# # #.#.####
# #.#.## # #@@..## ###
#.....# #.. ##....#
#.# ##.#.###### #.#
#........#####.#
###=####........
#.............
###########... #...


You could see Edmund (berserk).

Vanquished Creatures
  A scorpion (D:5)
  2 necrophages
  A jelly (D:3)
  A gnoll bouda (D:4)
  4 orc priests (D:5)
  4 iguanas
  2 orc wizards
  10 adders
  7 gnolls
  A white imp (D:5)
  3 ufetubi
  2 worms
  3 dart slugs
  9 orcs
  6 bats
  8 endoplasms
  5 giant cockroaches
  9 goblins
  10 hobgoblins
  3 jackals (D:1)
  12 kobolds
  5 quokkas
  8 ball pythons
  10 frilled lizards
  6 rats
132 creatures vanquished.

Vanquished Creatures (collateral kills)
  A black bear (D:6)
  A necrophage (D:6)
  A bullfrog (D:6)
  A jelly (D:6)
  An adder (D:6)
  A white imp (D:6)
  An ufetubus (D:6)
  A dart slug (D:2)
  A frilled lizard (D:1)
9 creatures vanquished.

Vanquished Creatures (others)
  A hound (D:6)
  A hobgoblin (D:1)
  A jackal (D:1)
  4 frilled lizards (D:1)
  154 foxfires
  4 plants (D:1)
165 creatures vanquished.

Grand Total: 306 creatures vanquished

Notes
Turn   | Place    | Note
-------+----------+-------------------------------------------
     0 | D:1      | Armakuni the Human Artificer began the quest for the Orb.
     0 | D:1      | Reached XP level 1. HP: 15/15 MP: 1/1
   123 | D:1      | Reached skill level 1 in Maces & Flails
   195 | D:1      | Reached XP level 2. HP: 17/21 MP: 2/2
   598 | D:1      | Reached XP level 3. HP: 8/28 MP: 3/3
  1458 | D:2      | Reached XP level 4. HP: 25/35 MP: 4/4
  1766 | D:2      | Reached XP level 5. HP: 34/42 MP: 5/5
  2262 | D:3      | Reached skill level 5 in Fighting
  2265 | D:3      | Learned a level 1 spell: Foxfire
  2289 | D:3      | Reached skill level 1 in Spellcasting
  2289 | D:3      | Reached XP level 6. HP: 43/51 MP: 1/7
  2454 | D:3      | Reached skill level 1 in Conjurations
  2454 | D:3      | Reached skill level 1 in Fire Magic
  2601 | D:3      | Found a faded altar of an unknown god.
  4109 | D:4      | You fall into a shaft and drop 2 floors!
  4110 | D:6      | Found a staircase to the Ecumenical Temple.
  4128 | D:6      | Noticed an orc warrior
  4134 | D:6      | Noticed a black bear
  4165 | D:6      | Noticed a hornet
  4167 | D:6      | Noticed a water moccasin
  4174 | D:6      | Reached XP level 7. HP: 30/56 MP: 8/8
  4197 | D:6      | Reached skill level 5 in Conjurations
  4229 | D:6      | Reached skill level 1 in Staves
  4236 | D:5      | Entered Level 5 of the Dungeon
  4243 | D:5      | Reached XP level 8. HP: 40/62 MP: 5/9
  4711 | D:5      | Noticed Edmund
  5663 | D:5      | Reached skill level 5 in Armour
  5663 | D:5      | Reached skill level 5 in Dodging
  5663 | D:5      | Reached XP level 9. HP: 63/63 MP: 10/10
  5671 | D:5      | Learned a level 5 spell: Fireball
  6005 | D:5      | Demolished by Edmund

Illustrated notes

Levels and vault maps discovered:
D:1:      dpeg_arrival_water_temple_mockup, layout_loops_ring,
          minmay_lizard_king
D:2:      kb_forest_paths, layout_loops_corners
D:3:      layout_rooms, ebering_ecumenical_altar_box, minmay_joined_circles
D:4:      layout_basic
D:5:      layout_loops_ring, st_stairs_11, hangedman_abyss_or_decor_lesser_grid,
          kennysheep_small_square, uniq_edmund
D:6:      layout_rooms, temple_statues

Skill      XL: |  1  2  3  4  5  6  7  8 |
---------------+-------------------------+-----
Maces & Flails | 1 |  1.0
Fighting       | 2 3 4 5 |  5.0
Spellcasting   | 1 |  1.0
Conjurations   | 3 5 7 |  7.6
Fire Magic     | 1 |  1.0
Staves         | 2 6 |  6.5
Evocations     | 7 |  7.3
Armour         | 5 |  5.8
Dodging        | 5 |  5.5
Stealth        | |  1.0

Action                   |  1- 3 |  4- 6 |  7- 9 || total
-------------------------+-------+-------+-------++-------
Melee: Club              |   159 |    10 |       ||   169
       Whip              |       |   115 |       ||   115
       Punch             |       |     2 |       ||     2
       Quarterstaff      |       |    18 |    75 ||    93
 Cast: Foxfire           |       |    42 |    46 ||    88
Evoke: Wand              |    18 |    19 |     7 ||    44
  Use: Scroll            |     5 |     8 |    12 ||    25
       Potion            |       |     1 |     4 ||     5
 Stab: Sleeping          |     2 |     5 |     1 ||     8
       Distracted        |       |     1 |       ||     1
Armor: Leather armour    |    63 |    63 |    30 ||   156
Dodge: Dodged            |   119 |   105 |    76 ||   300

Table legend: (Time is in decaauts)
 A = Elapsed time spent in this place.
 B = Non-inter-level travel time spent in this place.
 C = Inter-level travel time spent in this place.
 D = Time resting spent in this place.
 E = Time spent auto-exploring this place.
 F = Levels seen in this place.
 G = Mean time per level.
                   A        B        C        D        E       F      G
               +--------+--------+--------+--------+--------+-----+--------+
         Total |   6027 |   5858 |    169 |   1317 |   2706 |   6 | 1004.5 |
       Dungeon |   6027 |   5858 |    169 |   1317 |   2706 |   6 | 1004.5 |
               +--------+--------+--------+--------+--------+-----+--------+

Top non-repeatable levels by time:
     D:2: 1494 daAuts
     D:4: 1329 daAuts
     D:1: 1279 daAuts
     D:5: 1032 daAuts
     D:3: 795 daAuts
     D:6: 95 daAuts
